 Dungeon Crawl Stone Soup version 0.30-a0-234-g97d66968fd (webtiles) character file.

Game seed: 6717465595949218762

176 qw the Chopper (level 5, -13/32 HPs)
             Began as a Gargoyle Fighter on Oct 9, 2022.
             Killed by divine providence
             ... invoked by an orc priest
              (14 damage)
             ... on level 3 of the Dungeon.
             The game lasted 00:00:58 (2543 turns).

qw the Chopper (Gargoyle Fighter)                   Turns: 2543, Time: 00:00:59

Health: -13/32     AC: 16    Str: 21    XL:     5   Next: 56%
Magic:  0/5        EV:  5    Int:  9    God:
Gold:   158        SH:  4    Dex:  9    Spells: 4/4 levels left

rFire   . . .      SeeInvis .    Y - +2 war axe
rCold   . . .      Faith    .    c - +0 buckler
rNeg    + . .      Spirit   +    e - +0 plate armour
rPois   inf        Reflect  .    a - +0 helmet "Fass" {rPois rCorr}
rElec   +          Harm     .    (no cloak)
rCorr   +          Rampage  .    (no gloves)
Will    .....                    (no boots)
Stlth   ..........               m - amulet of guardian spirit
HPRegen 0.25/turn                (no ring)
MPRegen 0.09/turn                (no ring)

@: no status effects
A: sickness immunity, AC +4, negative energy resistance 1, electricity
resistance, torment resistance 1, petrification resistance
a: no special abilities


You were on level 3 of the Dungeon.
You visited 1 branch of the dungeon, and saw 3 of its levels.

You collected 158 gold pieces.


Innate Abilities, Weirdness & Mutations

You are immune to sickness and miasma.
Your stone body is resilient. (AC +4)
You are immune to poison.
You resist negative energy. (rN+)
You are resistant to electric shocks. (rElec)
You are resistant to unholy torment.
You are immune to petrification.


   Skills:
 + Level 3.5 Fighting
 - Level 5.0 Axes
 - Level 3.2 Armour
 - Level 3.2 Shields


You had 4 spell levels left.
You didn't know any spells.
Your spell library was empty.

Inventory:

Hand Weapons
 r - a +0 flail
 Y - a +2 war axe (weapon)
Armour
 a - the +0 helmet "Fass" (worn) {rPois rCorr}
   (You acquired it on level 1 of the Dungeon)

   rPois:     It protects you from poison.
   rCorr:     It protects you from acid and corrosion.
 c - a +0 buckler (worn)
 e - a +0 plate armour (worn)
 f - a +0 kite shield
Jewellery
 m - an amulet of guardian spirit (around neck)
Scrolls
 g - a scroll of enchant armour {unknown}
 h - 2 scrolls of identify
 n - a scroll of silence {unknown}
 p - a scroll of magic mapping {unknown}
Potions
 b - a potion of brilliance {unknown}
 d - a potion of might
 i - a potion of lignification {unknown}
 j - a potion of cancellation {unknown}
 k - a potion of resistance {unknown}
 l - a potion of heal wounds {unknown}
 q - 3 potions of curing {unknown}

Dungeon Overview and Level Annotations

Branches:
Dungeon (3/15)

Altars:

Shops:
D:1 [


Message History

The orc priest barely misses you. The orc hits you with a +0 flail.
You closely miss the orc priest.
The orc priest is severely wounded.
You barely miss the orc. The orc priest completely misses you.
The orc barely misses you.
You hit the orc priest.
The orc priest is almost dead.
You slash the orc!
You kill the orc!
The orc priest barely misses you.
The orc priest calls upon Beogh to heal the orc priest.
The orc priest is healed somewhat.
The orc priest looks braver for a moment.
The orc priest casts a cantrip, but nothing happens.
You barely miss the orc priest.
The orc priest is severely wounded.
The orc priest hits you but does no damage.
The orc priest mumbles some strange prayers to Beogh against you.
Pain shoots through your body!
You barely miss the orc priest.
The orc priest is severely wounded.
The orc priest hits you with a +0 mace.
You closely miss the orc priest.
The orc priest is severely wounded.
You closely miss the orc priest. The orc priest hits you with a +0 mace.
The orc priest hits you but does no damage.
You hit the orc priest but do no damage.
The orc priest is severely wounded.
You closely miss the orc priest. The orc priest hits you with a +0 mace.
You block the orc priest's attack.
You barely miss the orc priest.
The orc priest is severely wounded.
You barely miss the orc priest.
The orc priest hits you but does no damage.
The orc priest calls upon Beogh to heal the orc priest.
The orc priest is healed somewhat.
The orc priest barely misses you.
The orc priest mumbles some strange prayers to Beogh against you.
Beogh smites you!
You die...

......#........... ##77
###.#.#..######### #.#.#..#
#.#....# ## #.#>#.## .# #.#.#.#
..# #.#.#.# ..# .
#.#.#.##.################.#.# .
#.#.#.##.....o@..<........#....
#.#.#.#######o#.#.##..##..###..
#.#.#.. #.#.#.##..##..#....
###.# #.#.#.....##..#.### ....#
#.#.#.##>###..#.... #####
#.#.#..#...........
#.#.##############. #.#.. #.
... #.


You could see 2 orc priests.

Vanquished Creatures
  Jessica (D:2)
  A gnoll (D:3)
  6 adders
  2 worms
  3 orcs (D:3)
  3 ball pythons
  10 endoplasms
  A giant cockroach (D:2)
  7 goblins
  6 hobgoblins
  9 jackals
  4 kobolds
  3 quokkas
  4 bats
  5 frilled lizards
  8 rats
  A spectral kobold (D:1)
74 creatures vanquished.

Notes
Turn   | Place    | Note
-------+----------+-------------------------------------------
     0 | D:1      | qw the Gargoyle Fighter began the quest for the Orb.
     0 | D:1      | Reached XP level 1. HP: 14/14 MP: 1/1
     0 | D:1      | 0 ||| qw: Version: 0.2-a-17-g06abaee
     0 | D:1      | 0 ||| qw: Game counter: 2347
     0 | D:1      | 0 ||| qw: Always use a shield: true
     0 | D:1      | 0 ||| qw: God list: Okawaru
     0 | D:1      | 0 ||| qw: Allow faded altars: false
     0 | D:1      | 0 ||| qw: Do Orc after D:15 true
     0 | D:1      | 0 ||| qw: Do second Lair branch before Depths: true
     0 | D:1      | 0 ||| qw: Lair rune preference: random
     0 | D:1      | 0 ||| qw: Plans: Normal, Zot:1-4, God:TSO, Crypt, Tomb,
                  | Pan, Slime:5, Hells, Abyss, Orb
     0 | D:1      | 0 ||| PLANNING D:1-11
    29 | D:1      | Found a faded altar of an unknown god.
    30 | D:1      | 30 ||| Stepping ~*~*~tactically~*~*~ (water).
    54 | D:1      | Reached skill level 2 in Axes
   150 | D:1      | Reached XP level 2. HP: 19/19 MP: 2/2
   213 | D:1      | Found Rossamirgh's Antique Armour Boutique.
   219 | D:1      | 219 ||| SHOPLISTING +8 orange crystal plate armour
                  | {Archmagi, Int+3 Clar} (3468 gold, have 9).
   219 | D:1      | 219 ||| SHOPLISTING polished chain mail (228 gold, have 9).
   305 | D:1      | 305 ||| Stepping ~*~*~tactically~*~*~ (stealth).
   306 | D:1      | 306 ||| Stepping ~*~*~tactically~*~*~ (stealth).
   307 | D:1      | 307 ||| Stepping ~*~*~tactically~*~*~ (stealth).
   317 | D:1      | Reached skill level 3 in Axes
   330 | D:1      | Reached XP level 3. HP: 12/23 MP: 3/3
   615 | D:1      | 615 ||| Stepping ~*~*~tactically~*~*~ (stealth).
   863 | D:1      | 863 ||| UPGRADING to +0 plate armour.
   873 | D:1      | 873 ||| DROPPING +0 scale mail.
   874 | D:1      | 874 ||| READING scroll labelled JUYQUA WIAZO.
   875 | D:1      | 875 ||| READING scroll labelled FEURAFEEPS.
   875 | D:1      | Identified a scroll of acquirement
   875 | D:1      | 875 ||| ACQUIRING +0 helmet "Fass" {rPois rCorr}
   875 | D:1      | Acquired the +0 helmet "Fass" {rPois rCorr}
   877 | D:1      | 877 ||| UPGRADING to +0 helmet "Fass" {rPois rCorr}.
   907 | D:2      | 907 ||| Stepping ~*~*~tactically~*~*~ (stealth).
   975 | D:2      | 975 ||| Stepping ~*~*~tactically~*~*~ (stealth).
   976 | D:2      | 976 ||| Stepping ~*~*~tactically~*~*~ (stealth).
   977 | D:2      | 977 ||| Stepping ~*~*~tactically~*~*~ (stealth).
  1113 | D:2      | Reached XP level 4. HP: 28/28 MP: 4/4
  1155 | D:2      | 1155 ||| Stepping ~*~*~tactically~*~*~ (stealth).
  1169 | D:2      | Reached skill level 4 in Axes
  1553 | D:2      | 1553 ||| Stepping ~*~*~tactically~*~*~ (stealth).
  1554 | D:2      | 1554 ||| Stepping ~*~*~tactically~*~*~ (stealth).
  1555 | D:2      | 1555 ||| Stepping ~*~*~tactically~*~*~ (stealth).
  1603 | D:2      | Noticed Jessica
  1608 | D:2      | Killed Jessica
  1609 | D:2      | Reached XP level 5. HP: 14/32 MP: 5/5
  1682 | D:2      | 1682 ||| DROPPING +0 club.
  1739 | D:2      | 1739 ||| UPGRADING to amulet of guardian spirit.
  1744 | D:2      | 1744 ||| READING scroll labelled SEJAIH XISEL.
  1745 | D:2      | 1745 ||| READING 2 scrolls labelled IRCHUPN QUTU.
  1746 | D:2      | 1746 ||| READING scroll labelled PUKOEH HAULIN.
  1747 | D:2      | 1747 ||| READING scroll labelled BEUZIF BAXAK.
  1909 | D:3      | 1909 ||| DROPPING +9 club.
  1951 | D:3      | 1951 ||| Stepping ~*~*~tactically~*~*~ (stealth).
  1952 | D:3      | 1952 ||| Stepping ~*~*~tactically~*~*~ (stealth).
  1953 | D:3      | 1953 ||| Stepping ~*~*~tactically~*~*~ (stealth).
  2043 | D:3      | 2043 ||| READING scroll of enchant weapon.
  2043 | D:3      | 2043 ||| ENCHANTING +1 war axe.
  2173 | D:3      | 2173 ||| Stepping ~*~*~tactically~*~*~ (stealth).
  2185 | D:3      | Reached skill level 5 in Axes
  2228 | D:3      | 2228 ||| DROPPING +0 whip.
  2454 | D:3      | 2454 ||| Stepping ~*~*~tactically~*~*~ (stealth).
  2456 | D:3      | 2456 ||| Stepping ~*~*~tactically~*~*~ (stealth).
  2458 | D:3      | 2458 ||| Stepping ~*~*~tactically~*~*~ (stealth).
  2460 | D:3      | 2460 ||| Stepping ~*~*~tactically~*~*~ (stealth).
  2471 | D:3      | 2471 ||| Stepping ~*~*~tactically~*~*~ (stealth).
  2529 | D:3      | 2529 ||| Stepping ~*~*~tactically~*~*~ (hiding).
  2539 | D:3      | HP: 5/32 [orc priest/nerve-wracking pain (6)]
  2540 | D:3      | HP: 2/32 [orc priest/+0 mace (3)]
  2543 | D:3      | Killed from afar by an orc priest

Levels and vault maps discovered:
D:1:      ncdulo_smallfort, layout_basic, serial_shops, shop,
          dreamdust_ecumenical_altar_drowned_temple, minivault_27
D:2:      layout_basic, uniq_jessica
D:3:      minmay_diamond_boxcup, layout_basic, st_stairs_2, grunt_ministairs_10,
          uniq_grinder, uniq_crazy_yiuf_cottage

Skill      XL: |  1  2  3  4  5 |
---------------+----------------+-----
Axes           | 2 3 4 5 |  5.0
Fighting       | |  3.5
Armour         | |  3.2
Shields        | |  3.2

Action                   |  1- 3 |  4- 6 || total
-------------------------+-------+-------++-------
Melee: War axe           |    90 |   108 ||   198
Throw: Boomerang         |    14 |     1 ||    15
  Use: Scroll            |     2 |     5 ||     7
Armor: Scale mail        |    19 |       ||    19
       Plate armour      |    35 |    73 ||   108
Dodge: Dodged            |    36 |    31 ||    67
Block: Buckler           |    15 |    17 ||    32

Table legend:
 A = Non-vault XP
 B = Vault XP
 C = Vault XP percentage of total XP
 D = Non-vault monster count
 E = Vault monster count
 F = Vault count percentage of total count
                 A         B        C        D         E       F
            +---------+---------+-------+---------+---------+-------
      Total |     156 |      96 |  38.1 |      60 |      14 |  18.9
            +---------+---------+-------+---------+---------+-------
        D:1 |      40 |       1 |   2.4 |      23 |       1 |   4.2
        D:2 |      87 |      37 |  29.8 |      23 |       1 |   4.2
        D:3 |      29 |      58 |  66.7 |      14 |      12 |  46.2
            +---------+---------+-------+---------+---------+-------
